 Dungeon Crawl Stone Soup version 0.21.0-24-g2553a33 (webtiles) character file.

2890 emikaela the Cleaver (level 9, -7/84 HPs)
             Began as a Deep Dwarf Chaos Knight on Jan 20, 2018.
             Was a Believer of Makhleb.
             Mangled by a hog (10 damage)
             ... on level 7 of the Dungeon.
             The game lasted 00:15:41 (5431 turns).

emikaela the Cleaver (Deep Dwarf Chaos Knight)      Turns: 5431, Time: 00:15:42

Health: -7/84      AC:  8    Str: 18    XL:     9   Next: 48%
Magic:  3/3        EV: 12    Int: 13    God:    Makhleb [**....]
Gold:   368        SH:  5    Dex: 13    Spells: 8/8 levels left

rFire    . . .     SeeInvis .   H - +5 demon whip "Spellbinder" {antimagic, MR+}
rCold    . . .     Gourm    .   l - +0 buckler
rNeg     . . .     Faith    .   b - +2 leather armour
rPois    +         Spirit   .   p - +0 helmet
rElec    .         Reflect  .   (no cloak)
rCorr    +         Harm     .   (no gloves)
MR       ++...                  (no boots)
Stlth    +.........             (no amulet)
HPRegen  0.00/turn              k - ring of poison resistance
MPRegen  0.08/turn              t - ring of resist corrosion

@: non-regenerating
A: damage resistance, heal wounds, claws 1, icy blue scales 1, blink, low mp 1,
sense surroundings 2, no regeneration
a: Heal Wounds, Blink, Minor Destruction, Renounce Religion


You were on level 7 of the Dungeon.
You worshipped Makhleb.
Makhleb was pleased with you.
You were not hungry.

You visited 2 branches of the dungeon, and saw 8 of its levels.

You collected 368 gold pieces.

Inventory:

Hand Weapons
 a - a +0 hand axe of chaos
 H - the +5 demon whip "Spellbinder" (weapon) {antimagic, MR+}
   (You found it on level 7 of the Dungeon)

   It reduces the magical energy of the wielder, and disrupts the spells and
   magical abilities of those hit.
   Natural abilities and divine invocations are not affected.
   It affects your resistance to hostile enchantments.
Missiles
 h - 5 curare-tipped needles {!f}
 s - 146 stones (quivered)
 u - 22 poisoned needles
 w - 13 bolts
 x - 25 arrows
 S - 18 sling bullets
Armour
 b - a +2 leather armour (worn)
 l - a +0 buckler (worn)
 p - a +0 helmet (worn)
Jewellery
 i - an uncursed ring of wizardry {unknown}
 k - a ring of poison resistance (left claw)
 t - a ring of resist corrosion (right claw)
 z - an uncursed ring of wizardry {unknown}
Wands
 A - a wand of acid (11)
 B - a wand of iceblast (2)
 F - a wand of flame (25)
Scrolls
 e - 2 scrolls of amnesia
 f - a scroll of magic mapping {unknown}
 g - a scroll of fog {unknown}
 n - 2 scrolls of fear
 o - a scroll of blinking {unknown}
 v - a scroll of teleportation {unknown}
 y - a scroll of remove curse {unknown}
 G - a scroll of random uselessness {unknown}
Potions
 c - 2 potions of curing
 d - a potion of haste
 j - 2 potions of brilliance {unknown}
 m - 3 potions of lignification {!q}
 C - a potion of resistance {unknown}
 D - a potion of flight
 E - a potion of agility {unknown}
 J - 2 potions of ambrosia {unknown}
Books
 q - a book of Geomancy
Comestibles
 r - 17 rations
 I - 4 chunks of flesh


   Skills:
 + Level 6.3 Fighting
 - Level 9.3(9.6) Axes
 * Level 2.9(6.2) Maces & Flails
 - Level 3.0 Armour
 - Level 2.3 Dodging
 - Level 4.1 Shields
 + Level 3.5 Invocations
 + Level 6.7 Evocations


You had 8 spell levels left.
You didn't know any spells.

Dungeon Overview and Level Annotations

Branches:
Dungeon (7/15)             Temple (1/1) D:4

Altars:
Ashenzari
Cheibriados
Makhleb

Shops:
D:5 (

Annotations:
D:5 Grinder
D:7 1 runed door


Innate Abilities, Weirdness & Mutations

You are resistant to damage.
You can heal yourself by infusing magical energy.
You passively map the area around you.
You do not regenerate.
You have sharp fingernails.
You are partially covered in icy blue scales. (AC +2)
You can translocate small distances at will.
Your magical capacity is low. (-10% MP)


Message History

Press: ? - help, Shift-Dir - straight line, f/p - hog
Aim: a hog (heavily wounded)
The zap hits the hog.
The hog is heavily wounded.
The zap hits the hog.
The hog is lightly wounded.
The zap hits the human.
The human appears unharmed.
The human is severely wounded.
The zap hits the human.
The human is almost dead.
The zap hits the hog.
The hog is moderately wounded.
The zap hits the hog.
The hog is heavily wounded.
The zap hits you! The hog completely misses you.
Press: ? - help, Shift-Dir - straight line, f/p - hog
Aim: a hog (heavily wounded)
The hog writhes in agony!
The hog bites you!
You die...
Xom titters!

#........# #%....#..#####
##.###.#.#####'###......#
#......#...#.hhh.#......#
##.....#^..#...h.#......#
#.###.#...#######......#
#.....#................#
#######.................
#.................
#@######..........
#h######..........
#hh.......<.......
#p.........)......
#########.#...#.#.
#.#...#.#. #.#.....#.
#.##.##.#. #.........


You could see 3 hogs and a human.

Vanquished Creatures
  A hippogriff (D:7)
  A hog (D:7)
  A hungry ghost (D:7)
  Menkaure (D:7)
  Duvessa (D:7)
  2 orc warriors
  A sky beast (D:7)
  A black bear (D:7)
  2 ice beasts
  A phantom (D:5)
  3 ogres
  A centaur (D:6)
  A big kobold (D:6)
  3 bullfrogs
  Dowan (D:7)
  A scorpion (D:7)
  2 crimson imps (D:5)
  A jelly (D:6)
  A hound (D:4)
  3 orc priests
  A gnoll shaman (D:7)
  Ijyb (D:4)
  4 orc wizards
  2 iguanas (D:7)
  8 worker ants
  Robin (D:4)
  12 adders
  9 gnolls
  A shadow imp (D:6)
  An ooze (D:4)
  An adder skeleton (D:3)
  3 worms
  2 dart slugs (D:2)
  2 leopard geckos
  11 orcs
  2 ball pythons
  7 bats
  6 giant cockroaches
  15 goblins
  9 hobgoblins
  12 jackals
  4 frilled lizards
  8 kobolds
  7 rats
  3 toadstools (D:1)
161 creatures vanquished.

Vanquished Creatures (others)
  An orc (D:6)
  A toadstool (D:1)
2 creatures vanquished.

Grand Total: 163 creatures vanquished

Notes
Turn   | Place    | Note
-------+----------+-------------------------------------------
     0 | D:1      | emikaela the Deep Dwarf Chaos Knight began the quest for the Orb.
     0 | D:1      | Reached XP level 1. HP: 20/20 MP: 1/1
    11 | D:1      | XOM: potion effect (agility)
    15 | D:1      | XOM: smoke on damage
    18 | D:1      | Reached XP level 2. HP: 17/27 MP: 2/2
   327 | D:1      | Reached XP level 3. HP: 26/34 MP: 3/3
   407 | D:2      | XOM: silly message
   462 | D:2      | XOM: divination: magic mapping
   621 | D:2      | Reached XP level 4. HP: 39/42 MP: 4/4
   689 | D:1      | XOM: silly message
   750 | D:1      | XOM: silly message
   803 | D:2      | Reached skill level 4 in Axes
  1015 | D:2      | XOM: cloud trail
  1896 | D:4      | Reached skill level 1 in Shields
  1896 | D:4      | Reached XP level 5. HP: 49/49 MP: 5/5
  1987 | D:4      | Found a staircase to the Ecumenical Temple.
  2007 | Temple   | Entered the Ecumenical Temple
  2021 | Temple   | Fell from the grace of Xom
  2021 | Temple   | Became a worshipper of Makhleb the Destroyer
  2051 | D:4      | Noticed Robin
  2078 | D:4      | Killed Robin
  2143 | D:4      | Noticed an ogre
  2171 | D:4      | Killed an ogre
  2171 | D:4      | Reached skill level 5 in Axes
  2171 | D:4      | Reached XP level 6. HP: 34/57 MP: 6/6
  2428 | D:4      | Noticed Ijyb
  2449 | D:4      | Killed Ijyb
  2782 | D:5      | Entered Level 5 of the Dungeon
  2897 | D:5      | Reached skill level 6 in Axes
  2897 | D:5      | Reached skill level 1 in Evocations
  2916 | D:4      | Reached * piety under Makhleb
  2945 | D:5      | Reached XP level 7. HP: 37/64 MP: 5/7
  3000 | D:5      | Noticed Grinder
  3108 | D:6      | Reached skill level 7 in Axes
  3408 | D:6      | Reached XP level 8. HP: 52/73 MP: 7/7
  3766 | D:6      | Reached skill level 5 in Fighting
  3808 | D:5      | Found Dingu's Weapon Shop.
  3916 | D:5      | XOM: noise
  3965 | D:5      | Reached skill level 8 in Axes
  4137 | D:5      | XOM: mild Hex miscast
  4144 | D:5      | Reached ** piety under Makhleb
  4335 | D:6      | XOM: mild Air miscast
  4424 | D:7      | Noticed Duvessa
  4424 | D:7      | Reached skill level 5 in Evocations
  4426 | D:7      | Noticed Dowan
  4532 | D:7      | Noticed Menkaure
  4554 | D:7      | XOM: confusion (+ monsters)
  4570 | D:7      | Killed Menkaure
  4570 | D:7      | Reached skill level 9 in Axes
  4627 | D:7      | Killed Duvessa
  4627 | D:7      | Reached skill level 1 in Invocations
  4627 | D:7      | Gained mutation: You passively map the area around you. [Deep Dwarf growth]
  4627 | D:7      | Reached XP level 9. HP: 6/82 MP: 10/10
  4637 | D:7      | Killed Dowan
  4782 | D:7      | XOM: give mutations
  4782 | D:7      | Gained mutation: Your magical capacity is low. (-10% MP) [Xom's mischief]
  4782 | D:7      | Gained mutation: You are frail. (-10% HP) [Xom's mischief]
  4959 | D:7      | XOM: give mutations
  4959 | D:7      | Gained mutation: You have sharp fingernails. [Xom's mischief]
  4959 | D:7      | Lost mutation: You are frail. (-10% HP) [Xom's mischief]
  4959 | D:7      | Gained mutation: You are partially covered in icy blue scales. (AC +2) [Xom's mischief]
  4959 | D:7      | Gained mutation: You can translocate small distances at will. [Xom's mischief]
  5043 | D:7      | Found the +5 demon whip "Spellbinder" {antimagic, MR+}
  5048 | D:7      | Found a runed door.
  5054 | D:7      | Got a polished mace
  5063 | D:7      | Got a scorched mace
  5077 | D:7      | Got a steaming mace
  5087 | D:7      | Got an iridescent mace
  5151 | D:7      | Reached skill level 1 in Maces & Flails
  5281 | D:7      | XOM: cloud trail
  5431 | D:7      | Mangled by a hog

Skill      XL: |  1  2  3  4  5  6  7  8  9 |
---------------+----------------------------+-----
Fighting       | 3 4 5 6 |  6.3
Dodging        | 2 |  2.3
Armour         | 3 |  3.0
Axes           | 4 5 6 7 9 |  9.3
Shields        | 1 2 3 4 |  4.1
Evocations     | 1 3 5 6 |  6.7
Invocations    | 1 3 |  3.5
Maces & Flails | 2 |  2.9

Action                   |  1- 3 |  4- 6 |  7- 9 || total
-------------------------+-------+-------+-------++-------
Melee: Hand axe          |    68 |   223 |   323 ||   614
       Demon whip        |       |       |    31 ||    31
Throw: Stone             |     3 |   121 |   113 ||   237
Invok: Minor Destruction |       |       |    24 ||    24
 Abil: Heal Wounds       |     1 |     2 |    14 ||    17
Evoke: Wand              |       |     3 |       ||     3
  Use: Scroll            |       |     3 |     3 ||     6
 Stab: Sleeping          |     2 |       |       ||     2
       Petrified         |       |     2 |     8 ||    10
       Paralysed         |       |     1 |     3 ||     4
       Petrifying        |       |     1 |       ||     1
  Eat: Chunk             |       |     6 |     9 ||    15
Armor: Leather armour    |    17 |    60 |    91 ||   168
Dodge: Dodged            |    56 |    92 |   128 ||   276
Block: Buckler           |       |    29 |    51 ||    80
